 Dungeon Crawl Stone Soup version 0.21-a0-153-g78480df (webtiles) character file.

299 AverageBear the Cutter (level 6, -10/36 HPs)
             Began as a Deep Elf Fighter on Aug 1, 2017.
             Mangled by an orc warrior
             ... wielding a +0 war axe
              (17 damage)
             ... on level 3 of the Dungeon.
             The game lasted 00:03:52 (2611 turns).

AverageBear the Cutter (Deep Elf Fighter)           Turns: 2611, Time: 00:03:53

Health: -10/36     AC:  6    Str: 20    XL:     6   Next: 13%
Magic:  8/8        EV: 12    Int: 17    God:
Gold:   138        SH:  9    Dex: 19    Spells: 5/5 levels left

rFire    + . .     SeeInvis .   a - +0 rapier
rCold    + . .     Gourm    .   c - +0 shield
rNeg     . . .     Faith    .   b - +0 scale mail
rPois    +         Spirit   .   (no helmet)
rElec    +         Reflect  .   (no cloak)
rCorr    +         Harm     .   (no gloves)
MR       .....                  (no boots)
Stlth    +.........             (no amulet)
HPRegen  0.12/turn              j - +4 ring of intelligence
MPRegen  0.11/turn              e - ring of wizardry

@: mighty, agile, resistant, flying, hasted, very quick
A: no striking features
a: no special abilities


You were on level 3 of the Dungeon.
You were not hungry.

You visited 1 branch of the dungeon, and saw 3 of its levels.
You also visited: Sewer.

You collected 138 gold pieces.

Inventory:

Hand Weapons
 a - a +0 rapier (weapon)
Armour
 b - a +0 scale mail (worn)
 c - a +0 shield (worn)
Jewellery
 e - a ring of wizardry (right hand)
 j - a +4 ring of intelligence (left hand)
Scrolls
 g - a scroll of identify {unknown}
 i - 2 scrolls of remove curse
 m - 3 scrolls of magic mapping
 n - 3 scrolls of teleportation
Potions
 p - a potion of resistance
Comestibles
 f - 3 bread rations
 k - a meat ration


   Skills:
 - Level 2.4 Fighting
 - Level 6.5 Short Blades
 - Level 2.4 Armour
 + Level 0.0 Dodging
 - Level 2.4 Shields


You had 5 spell levels left.
You didn't know any spells.

Dungeon Overview and Level Annotations

Branches:
Dungeon (3/15)

Altars:
Hepliaklqana
Wu Jian


Message History

The worm is almost dead.
You block the worm's attack.
You puncture the worm!
You kill the worm!
An orc comes into view.
The orc shouts!
An orc warrior comes into view. It is wielding a war axe.
The orc warrior shouts!
An orc comes into view. It is wielding a club.
You closely miss the orc warrior.
You hit the orc warrior but do no damage.
You puncture the orc warrior!
The orc warrior is moderately wounded.
The orc warrior barely misses you.
You closely miss the orc warrior.
The orc warrior is moderately wounded.
You hit the orc warrior.
The orc warrior is moderately wounded.
The orc warrior hits you with a war axe!
You die...

*,##.#.#..##....#....#.
*,**,#....##....##.###.
*,**,#..#.##...........
*,**,#..#.##.(...#..##.
*,**,#..#.##.........#.
*,**,#..#.##......##.#.
*,**,#..#.#####<.....#.
*,**,#.##.# #.###....
*,**,#@#*,* ##.##....#
*,**,#o#*,* *#....>....
*,**,oo.,,***......##..
*,*,.....,,,,...#..*#..
*,*.♣.....,,,.....,,##.
*,...♣..♣..,,.....,,*#.
*..,♣♣♣♣♣♣..*....,,,*#.
##,**,,,,*.♣♣....,,,...
*,**,,**,****,,,,,*###


You could see an orc warrior and 2 orcs.

Vanquished Creatures
  Purgy (Sewer)
  The ghost of Lianjan the Poker, an amateur DsGl (D:3)
  6 adders
  A river rat (D:3)
  A worm (D:3)
  A dart slug (D:1)
  4 giant cockroaches
  8 hobgoblins
  3 jackals (D:2)
  3 quokkas (D:3)
  5 ball pythons
  4 bats
  7 frilled lizards
  9 goblins
  6 kobolds
  6 rats
66 creatures vanquished.

Notes
Turn   | Place    | Note
-------+----------+-------------------------------------------
     0 | D:1      | AverageBear the Deep Elf Fighter began the quest for the Orb.
     0 | D:1      | Reached XP level 1. HP: 13/13 MP: 3/3
   298 | D:1      | Reached XP level 2. HP: 15/18 MP: 4/4
   538 | D:1      | Reached skill level 3 in Short Blades
  1010 | D:2      | Reached XP level 3. HP: 15/22 MP: 5/5
  1126 | D:2      | Reached skill level 4 in Short Blades
  1393 | D:2      | Found an ornate altar of the Wu Jian Council.
  1662 | D:3      | Found a hazy altar of Hepliaklqana.
  1715 | D:3      | Reached XP level 4. HP: 14/27 MP: 6/6
  1797 | D:3      | Found a glowing drain.
  1824 | D:3      | Noticed Lianjan's ghost (amateur DsGl)
  1847 | Sewer    | Entered a sewer
  2034 | Sewer    | Noticed Purgy
  2051 | Sewer    | Killed Purgy
  2051 | Sewer    | Reached skill level 5 in Short Blades
  2051 | Sewer    | Reached XP level 5. HP: 19/31 MP: 7/7
  2339 | D:3      | Reached skill level 6 in Short Blades
  2585 | D:3      | Killed Lianjan's ghost
  2585 | D:3      | Reached XP level 6. HP: 5/36 MP: 8/8
  2606 | D:3      | Noticed an orc warrior
  2611 | D:3      | Mangled by an orc warrior

Vault maps used:
D:1:      tarquinn_simple_flora_water_a
D:2:      nicolae_overflow_hidden_temple
D:3:      nicolae_overflow_crystal_walls, portal_sewer_entry_b,
          chequers_ecumenical_altar_grove, serial_aquarium,
          aquarium_bridge_straight, aquarium_window_corridor_1,
          aquarium_window_2, aquarium_view_2g, aquarium_view_2d
Sewer:    sewer_co_purgy_island

Skill      XL: |  1  2  3  4  5 |
---------------+----------------+-----
Short Blades   | 3 4 5 6 |  6.5
Fighting       | |  2.4
Armour         | |  2.4
Shields        | |  2.4

Action                   |  1- 3 |  4- 6 || total
-------------------------+-------+-------++-------
Melee: Rapier            |   143 |    88 ||   231
  Use: Scroll            |     4 |     3 ||     7
       Potion            |       |     8 ||     8
  Eat: Chunk             |     2 |     4 ||     6
Armor: Scale mail        |    52 |    32 ||    84
Dodge: Dodged            |    30 |    32 ||    62
Block: Shield            |    50 |    52 ||   102
